 Seeded DCSS version 0.30-a0-719-gcc4359ea44 (webtiles) character file.

Game seed: 5430720872467839093 (custom seed)

130 OTABOTABOTAB the Caller (level 5, 32/32 HPs)
             Began as an Octopode Summoner on Jan 27, 2023.
             Quit the game on level 2 of the Dungeon.
             The game lasted 00:03:38 (2217 turns).

OTABOTABOTAB the Caller (Octopode Summoner)         Turns: 2217, Time: 00:03:39

Health: 32/32      AC:  1    Str: 13    XL:     5   Next: 14%
Magic:  10/10      EV: 13    Int: 20    God:
Gold:   2851       SH:  0    Dex: 12    Spells: 1/10 levels left

rFire   . . .      SeeInvis .    a - +0 dagger
rCold   + . .      Faith    .    (no shield)
rNeg    . . .      Spirit   .    (helmet restricted)
rPois   .          Reflect  .    (no amulet)
rElec   .          Harm     .    b - +6 ring of strength
rCorr   .          Rampage  .    C - ring of protection from cold {rC+, !d}
Will    .....                    (no ring)
Stlth   +++                      (no ring)
HPRegen 0.25/turn                (no ring)
MPRegen 0.12/turn                (no ring)
                                 (no ring)
                                 (no ring)

@: no status effects
A: almost no armour, amphibious, 8 rings, camouflage 1, gelatinous body 1,
(nimble swimmer 1), tentacles
a: no special abilities


You were on level 2 of the Dungeon.
You visited 1 branch of the dungeon, and saw 2 of its levels.

You collected 2851 gold pieces.

Inventory:

Hand Weapons
 a - a +0 dagger (weapon)
   (You took it off a kobold on level 1 of the Dungeon)
Missiles
 s - 18 stones
Jewellery
 b - a +6 ring of strength (left tentacle)
   (You found it on level 1 of the Dungeon)
 C - a ring of protection from cold (right tentacle) {rC+, !d}
   (You found it on level 2 of the Dungeon)
Scrolls
 c - a scroll of brand weapon {unknown}
 e - 3 scrolls of amnesia {unknown}
 f - a scroll of identify {unknown}
 g - a scroll of torment {unknown}
 j - a scroll of noise {unknown}
 k - a scroll of teleportation {unknown}
 l - a scroll of fog {unknown}
 m - a scroll of enchant armour {unknown}
 o - a scroll of immolation {unknown}
Potions
 d - a potion of mutation {unknown}
 h - a potion of attraction {unknown}
 i - 2 potions of curing {unknown}
 M - a potion of magic


   Skills:
 + Level 0.6 Fighting
 + Level 2.2 Dodging
 - Level 2.6 Stealth
 + Level 3.4 Spellcasting
 + Level 0.6 Hexes
 + Level 5.1 Summonings


You had one spell level left.
You knew the following spells:

 Your Spells              Type           Power      Damage    Failure   Level
a - Summon Small Mammal   Summ           92%        N/A       1%          1
b - Call Canine Familiar  Summ           23%        N/A       4%          3
c - Call Imp              Summ           23%        N/A       2%          2
d - Summon Guardian Gole  Hex/Summ       14%        N/A       13%         3

Your spell library contained the following spells:

 Spells                   Type           Power      Damage    Failure   Level
 Summon Lightning Spire   Summ/Air       13%        N/A       43%         4


Dungeon Overview and Level Annotations

Branches:
Dungeon (2/15)

Altars:

Shops:
D:2 ?


Innate Abilities, Weirdness & Mutations

You cannot wear most types of armour.
You are amphibious.
You can wear up to eight rings at the same time.
Your skin changes colour to match your surroundings (Stealth+).
Your rubbery body absorbs attacks. (AC +1, EV +1)
((You are camouflaged when in or above water. (Stealth+)))
You have tentacles for arms and can constrict up to eight enemies at once.


Message History

The adder bites your crimson imp but does no damage.
You now have 8/10 mp.
The adder bites your crimson imp.
Your crimson imp closely misses the adder.
Your hound barely misses the adder.
The adder bites your crimson imp but does no damage.
Your crimson imp misses the adder.
Your hound barely misses the adder.
The adder completely misses your crimson imp.
Your hound bites the adder.
The adder barely misses your crimson imp.
Your crimson imp barely misses the adder.
Your hound misses the adder.
The adder bites your crimson imp but does no damage.
Your crimson imp barely misses the adder.
Your hound misses the adder.
The adder barely misses your crimson imp.
Your hound completely misses the adder.
Your crimson imp blinks!
Your hound bites the adder.
Your hound closely misses the adder.
The adder closely misses you.
Your hound completely misses the adder.
The adder closely misses you.
Your hound closely misses the adder.
Your hound disappears in a puff of smoke!
The adder barely misses you. The adder bites you.
Your crimson imp blinks!
You take 3 damage, and have 29/32 hp.
The adder bites you.
You are poisoned.
The adder poisons you!
You take 4 damage, and have 25/32 hp.
You feel sick. The adder bites you.
You are more poisoned.
The adder poisons you!
You take 5 damage, and have 20/32 hp.
You now have 6/10 mp.
You miss the adder. Your grab misses the adder.
You feel very sick. The adder bites you. The adder misses you.
You take 7 damage, and have 13/32 hp.
MASSIVE DAMAGE!!
You hit the adder.
You kill the adder!
You feel sick.
You start resting.
You feel sick. x6
You are no longer poisoned.
You take 6 damage, and have 7/32 hp.
Unknown command.
You start resting.
Your crimson imp disappears in a puff of smoke!
Your hound disappears in a puff of smoke!
Health restored: 32; MP restored: 10 Unknown command.
Found a stone staircase leading up.
There is a stone staircase leading up here.
An endoplasm comes into view.
You now have 7/10 mp.
Your hound bites the endoplasm.
The endoplasm hits your hound but does no damage.
Your hound bites the endoplasm.
The endoplasm dies!
You swap places.
n - a scroll labelled ICHANW HIUVOTE MP restored: 10
o - a scroll labelled ULOOHASMUSE You swap places.
Found a stone staircase leading down.
Found a stone staircase leading down.
There is a stone staircase leading down here.
There is a stone staircase leading down here.
s - 16 stones (gained 7)
You swap places.
You swap places.
Your hound disappears in a puff of smoke!
s - 18 stones (gained 2)
You now have enough gold to buy a scroll of amnesia on this level, or buy a scroll of fear on this level.
You now have 69 gold pieces (gained 15).
n - 4 scrolls labelled ICHANW HIUVOTE (gained 3)
A bat comes into view.
A bat is nearby!
You now have 7/10 mp.
The bat hits you. The bat misses you.
You take 1 damage, and have 31/32 hp.
The bat barely misses you. The bat hits you.
Your hound bites the bat.
The bat dies!
You take 1 damage, and have 30/32 hp.
Your hound disappears in a puff of smoke!
Found a stone staircase leading down.
Health restored: 32; MP restored: 10 Done exploring.
Done exploring.
This is a scroll of acquirement!
Something appears before you!
You now have enough gold to buy a scroll of blinking on this level.
You now have 1149 gold pieces (gained 1080).
Something appears before you!
You now have 1770 gold pieces (gained 621).
Something appears before you!
You now have 2311 gold pieces (gained 541).
Something appears before you!
You now have 2851 gold pieces (gained 540).
Unknown command.

#.##.#####.##..# #..#
#.##.......##..#####..#
#>#####...............#
#.# ##..............#
#.# ##.#.#...........
#.# #..............).
#.# #.........######.
#.#####.......#.# #.
#.....@.......#.# #.
#######.....).#.# ##
#.......#.#
#...###.#.#######
#.......#........
##............###
##.#########.... #.#
#.... #.# #.###


There were no monsters in sight!

Vanquished Creatures
  An adder (D:2)
  A bat (D:1)
  2 endoplasms
  A goblin (D:1)
  A jackal (D:1)
  A kobold (D:1)
  A rat (D:1)
8 creatures vanquished.

Vanquished Creatures (collateral kills)
  A necrophage (D:2)
  3 gnolls (D:2)
  2 bats (D:2)
  3 endoplasms
  2 hobgoblins
  3 jackals (D:1)
  4 kobolds
  2 quokkas (D:1)
  2 ball pythons (D:1)
  A frilled lizard (D:2)
  3 goblins
26 creatures vanquished.

Grand Total: 34 creatures vanquished

Notes
Turn   | Place    | Note
-------+----------+-------------------------------------------
     0 | D:1      | OTABOTABOTAB the Octopode Summoner began the quest for the
                  | Orb.
     0 | D:1      | Reached XP level 1. HP: 11/11 MP: 3/3
   262 | D:1      | Reached XP level 2. HP: 15/17 MP: 3/5
   265 | D:1      | Learned a level 2 spell: Call Imp
  1120 | D:1      | Reached XP level 3. HP: 21/21 MP: 4/6
  1124 | D:1      | Learned a level 3 spell: Call Canine Familiar
  1326 | D:2      | Found Doddoiw's Magic Scroll Shoppe.
  1422 | D:2      | Noticed a necrophage
  1433 | D:2      | Killed a necrophage
  1434 | D:2      | Reached skill level 3 in Spellcasting
  1434 | D:2      | Reached XP level 4. HP: 27/27 MP: 3/8
  1438 | D:2      | Learned a level 3 spell: Summon Guardian Golem
  1535 | D:2      | Reached skill level 5 in Summonings
  1653 | D:2      | Reached XP level 5. HP: 32/32 MP: 2/10
  1745 | D:2      | HP: 8/32 [poisoned by an adder]
  2209 | D:2      | Identified 4 scrolls of acquirement
  2209 | D:2      | Acquired 1080 gold pieces
  2211 | D:2      | Acquired 621 gold pieces
  2213 | D:2      | Acquired 541 gold pieces
  2215 | D:2      | Acquired 540 gold pieces
  2217 | D:2      | Quit the game

Illustrated notes

Levels and vault maps discovered:
D:1:      dpeg_arrival_boxes_within_box, layout_basic
D:2:      layout_loops_ring, serial_shops, shop, nicolae_kite_square_tiling_tiny

Skill      XL: |  1  2  3  4 |
---------------+-------------+-----
Spellcasting   | 3 |  3.4
Summonings     | 5 |  5.1
Fighting       | |  0.6
Dodging        | |  2.2
Stealth        | |  2.6
Hexes          | |  0.6

Action                     |  1- 3 |  4- 6 || total
---------------------------+-------+-------++-------
  Melee: Dagger            |    15 |     2 ||    17
         Constrict         |     4 |       ||     4
         Tentacles         |     4 |       ||     4
  Throw: Stone             |     1 |       ||     1
   Cast: Summon Small Mamm |    19 |     5 ||    24
         Call Imp          |    11 |     4 ||    15
         Call Canine Famil |     3 |     5 ||     8
    Use: Scroll            |       |     4 ||     4
 Armour: Skin              |     6 |       ||     6
  Dodge: Dodged            |    18 |     6 ||    24

Table legend: (Time is in decaauts)
 A = Elapsed time spent in this place.
 B = Non-inter-level travel time spent in this place.
 C = Inter-level travel time spent in this place.
 D = Time resting spent in this place.
 E = Time spent auto-exploring this place.
 F = Levels seen in this place.
 G = Mean time per level.
                   A        B        C        D        E       F      G
               +--------+--------+--------+--------+--------+-----+--------+
         Total |   2215 |   2190 |     25 |    104 |   1748 |   2 | 1107.5 |
       Dungeon |   2215 |   2190 |     25 |    104 |   1748 |   2 | 1107.5 |
               +--------+--------+--------+--------+--------+-----+--------+

Top non-repeatable levels by time:
     D:1: 1224 daAuts
     D:2: 991 daAuts

Table legend:
 A = Kills in this place as a percentage of kills in entire the game.
 B = Kills by you in this place as a percentage of kills by you in the entire game.
 C = Kills by friends in this place as a percentage of kills by friends in the entire game.
 D = Other kills in this place as a percentage of other kills in the entire game.
 E = Experience gained in this place as a percentage of experience gained in the entire game.
 F = Experience gained in this place divided by the number of levels of this place that you have seen.
                   A       B       C       D       E      F
               +-------+-------+-------+-------+-------+----------------------
         Total | 100.0 | 100.0 | 100.0 |   N/A | 100.0 |  93.5
       Dungeon | 100.0 | 100.0 | 100.0 |   N/A | 100.0 |  93.5
               +-------+-------+-------+-------+-------+----------------------
